 Dungeon Crawl Stone Soup version 0.23.1 (webtiles) character file.

Game seed: 1501849855694624447

835 Hylith the Ruffian (level 7, -2/56 HPs)
             Began as a Gnoll Wanderer on Mar 10, 2019.
             Was a Believer of Qazlal.
             Killed from afar by Grinder (7 damage)
             ... with a wand of flame (9)
             ... on level 5 of the Dungeon.
             The game lasted 00:14:55 (4658 turns).

Hylith the Ruffian (Gnoll Wanderer)                 Turns: 4658, Time: 00:14:56

Health: -2/56      AC:  5    Str: 16    XL:     7   Next: 99%
Magic:  10/13      EV: 18    Int: 14    God:    Qazlal [**....]
Gold:   278        SH:  7    Dex: 15    Spells: 13/14 levels left

rFire    . . .     SeeInvis .   v - +0 flail (protect)
rCold    + . .     Gourm    .   l - +0 buckler
rNeg     . . .     Faith    .   b - +0 leather armour
rPois    .         Spirit   .   B - +0 helmet
rElec    .         Reflect  .   (no cloak)
rCorr    .         Harm     .   (no gloves)
MR       .....                  z - +0 pair of boots
Stlth    ++........             (no amulet)
HPRegen  0.18/turn              i - ring of protection from cold
MPRegen  0.13/turn              k - +5 ring of evasion

@: no status effects
A: distributed training, fangs 1, strong nose
a: Upheaval, Renounce Religion


You were on level 5 of the Dungeon.
You worshipped Qazlal.
Qazlal was pleased with you.
You were not hungry.

You visited 2 branches of the dungeon, and saw 6 of its levels.

You collected 278 gold pieces.

Inventory:

Hand Weapons
 e - a +0 club
 v - a +0 flail of protection (weapon)
Missiles
 g - 196 stones (quivered)
Armour
 b - a +0 leather armour (worn)
 d - a +0 robe
 l - a +0 buckler (worn)
 z - a +0 pair of boots (worn)
 B - a +0 helmet (worn)
 D - a +0 chain mail
Jewellery
 i - a ring of protection from cold (left hand)
 k - a +5 ring of evasion (right hand)
Wands
 y - a wand of iceblast (5)
Scrolls
 a - 3 scrolls of blinking
 j - 3 scrolls of noise {unknown}
 m - a scroll of remove curse
 n - 2 scrolls of identify
 p - 3 scrolls of fear
 q - a scroll of immolation {unknown}
 r - a scroll of enchant armour {unknown}
 s - 2 scrolls of enchant weapon
 t - a scroll of teleportation {unknown}
Potions
 c - 2 potions of lignification
 h - a potion of haste {unknown}
 o - 4 potions of curing {unknown}
 u - a potion of might {unknown}
 w - a potion of brilliance {unknown}
 x - a potion of mutation {unknown}
 A - 2 potions of heal wounds {unknown}
Comestibles
 f - 10 rations
 C - a chunk of flesh


   Skills:
 + Level 5.4 Fighting
 + Level 2.7 Short Blades
 + Level 2.7 Long Blades
 + Level 2.7 Axes
 + Level 2.7 Maces & Flails
 + Level 2.7 Polearms
 + Level 2.7 Staves
 + Level 2.7 Slings
 + Level 2.7 Bows
 + Level 2.7 Crossbows
 + Level 3.8 Throwing
 + Level 2.7 Armour
 + Level 3.8 Dodging
 + Level 3.7 Stealth
 + Level 2.7 Shields
 + Level 5.4 Unarmed Combat
 + Level 4.0 Spellcasting
 + Level 2.2 Conjurations
 + Level 2.2 Hexes
 + Level 2.2 Charms
 + Level 2.2 Summonings
 + Level 4.4 Necromancy
 + Level 2.2 Translocations
 + Level 2.2 Transmutations
 + Level 2.2 Fire Magic
 + Level 2.2 Ice Magic
 + Level 2.2 Air Magic
 + Level 2.2 Earth Magic
 + Level 2.2 Poison Magic
 + Level 3.0 Invocations
 + Level 2.7 Evocations


You had 13 spell levels left.
You knew the following spells:

 Your Spells              Type           Power        Failure   Level  Hunger
a - Shock                 Conj/Air       #...         11%         1    None

Your spell library contained the following spells:

 Spells                   Type           Power        Failure   Level  Hunger
 Static Discharge         Conj/Air       #.......     32%         3    ###....


Dungeon Overview and Level Annotations

Branches:
Dungeon (5/15)             Temple (1/1) D:4

Altars:
Qazlal
Zin

Annotations:
D:3 2 transporters, Terandir's ghost, amateur MiFi
D:5 Grinder


Innate Abilities, Weirdness & Mutations

Your experience applies equally to all skills.
You have very sharp teeth.
Your uncanny sense of smell can sniff out nearby items.


Message History

The zap hits Grinder.
Grinder is moderately wounded.
The zap hits Grinder.
Grinder is moderately wounded.
Grinder barely misses you.
Your magical contamination has completely faded away.
Casting: Shock (safe; 11% risk of failure)
Confirm with . or Enter, or press ? or * to list all spells.
Aiming: Shock (safe; 11% risk of failure)
Press: ? - help, Shift-Dir - straight line The zap hits Grinder.
Grinder is moderately wounded.
The zap hits Grinder.
Grinder is heavily wounded.
Grinder blinks!
Grinder gestures at you. Pain shoots through your body!
* * * LOW HITPOINT WARNING * * *
Grinder zaps a wand.
The puff of flame hits you!
You die...

### # ..# #.
#.# ###.# #.#
.....##.#
..§.....######
#........(.#
...###.####@#
♣♣♣♣ #.....#
#.# ♣♣...
#####.# #.#
♣♣.... ∆ ..#
#[# ♣♣....#
### ##.##
♣...≈≈.
##.#5##
###♣...≈..
##.###.##
#.'...#÷(#
##.## ##.#
#.#♣...≈..
##.#.###)##
#.#♣...≈≈.


You could see Grinder.

Vanquished Creatures
  Menkaure (D:4)
  A black bear (D:5)
  An ogre (D:4)
  A bullfrog (D:4)
  An orc priest (D:3)
  2 bullfrog skeletons (D:5)
  3 orc wizards
  3 worker ants
  7 adders
  4 gnolls (D:2)
  An ooze (D:1)
  An adder skeleton (D:4)
  2 worms (D:2)
  2 dart slugs (D:1)
  6 leopard geckos
  9 orcs
  8 bats
  4 giant cockroaches
  14 goblins
  6 hobgoblins
  9 jackals
  5 quokkas
  A ball python (D:4)
  7 frilled lizards
  A giant cockroach zombie (D:5)
  12 kobolds
  12 rats
124 creatures vanquished.

Vanquished Creatures (others)
  A worker ant (D:4)
1 creature vanquished.

Grand Total: 125 creatures vanquished

Notes
Turn   | Place    | Note
-------+----------+-------------------------------------------
     0 | D:1      | Hylith the Gnoll Wanderer began the quest for the Orb.
     0 | D:1      | Hylith set off with the following items: 2 scrolls of
                  | blinking, a potion of lignification, a +0 robe, a +0 club,
                  | a ration; and the following spell memorised: Shock; and the
                  | following spells available to memorise: Static Discharge
     0 | D:1      | Reached XP level 1. HP: 20/20 MP: 4/4
   206 | D:1      | Reached XP level 2. HP: 18/26 MP: 5/5
   424 | D:1      | Reached XP level 3. HP: 26/31 MP: 0/7
  1130 | D:2      | Reached skill level 1 in Invocations
  1355 | D:2      | Reached skill level 1 in Short Blades
  1355 | D:2      | Reached skill level 1 in Long Blades
  1355 | D:2      | Reached skill level 1 in Axes
  1355 | D:2      | Reached skill level 1 in Maces & Flails
  1355 | D:2      | Reached skill level 1 in Polearms
  1355 | D:2      | Reached skill level 1 in Staves
  1355 | D:2      | Reached skill level 1 in Slings
  1355 | D:2      | Reached skill level 1 in Bows
  1355 | D:2      | Reached skill level 1 in Crossbows
  1355 | D:2      | Reached skill level 1 in Armour
  1355 | D:2      | Reached skill level 1 in Shields
  1355 | D:2      | Reached skill level 1 in Evocations
  1452 | D:2      | Reached XP level 4. HP: 36/38 MP: 8/8
  1472 | D:2      | Found a glowing silver altar of Zin.
  1853 | D:2      | Reached skill level 1 in Conjurations
  1853 | D:2      | Reached skill level 1 in Hexes
  1853 | D:2      | Reached skill level 1 in Charms
  1853 | D:2      | Reached skill level 1 in Summonings
  1853 | D:2      | Reached skill level 1 in Translocations
  1853 | D:2      | Reached skill level 1 in Transmutations
  1853 | D:2      | Reached skill level 1 in Fire Magic
  1853 | D:2      | Reached skill level 1 in Ice Magic
  1853 | D:2      | Reached skill level 1 in Air Magic
  1853 | D:2      | Reached skill level 1 in Earth Magic
  1853 | D:2      | Reached skill level 1 in Poison Magic
  1927 | D:2      | Reached XP level 5. HP: 31/43 MP: 9/9
  2457 | D:3      | Found a faded altar of an unknown god.
  2470 | D:3      | Became a worshipper of Qazlal Stormbringer
  2470 | D:3      | Reached * piety under Qazlal
  2850 | D:3      | Found a transporter.
  2855 | D:3      | Noticed Terandir's ghost (amateur MiFi)
  2866 | D:3      | Reached XP level 6. HP: 46/50 MP: 10/10
  2873 | D:3      | Found a transporter.
  3456 | D:4      | Noticed Menkaure
  3473 | D:4      | Killed Menkaure
  3473 | D:4      | Reached skill level 5 in Fighting
  3473 | D:4      | Reached skill level 5 in Unarmed Combat
  3671 | D:4      | Reached XP level 7. HP: 49/56 MP: 8/12
  3810 | D:4      | Reached ** piety under Qazlal
  3919 | D:4      | Found a staircase to the Ecumenical Temple.
  3928 | Temple   | Entered the Ecumenical Temple
  4261 | D:5      | Entered Level 5 of the Dungeon
  4624 | D:5      | Noticed Grinder
  4641 | D:5      | Paralysed by Grinder for 6 turns
  4658 | D:5      | Killed from afar by Grinder

Skill      XL: |  1  2  3  4  5  6  7 |
---------------+----------------------+-----
Invocations    | 1 2 3 |  3.0
Short Blades   | 1 2 |  2.7
Long Blades    | 1 2 |  2.7
Axes           | 1 2 |  2.7
Maces & Flails | 1 2 |  2.7
Polearms       | 1 2 |  2.7
Staves         | 1 2 |  2.7
Slings         | 1 2 |  2.7
Bows           | 1 2 |  2.7
Crossbows      | 1 2 |  2.7
Armour         | 1 2 |  2.7
Shields        | 1 2 |  2.7
Evocations     | 1 2 |  2.7
Spellcasting   | 3 4 |  4.0
Conjurations   | 1 2 |  2.2
Hexes          | 1 2 |  2.2
Charms         | 1 2 |  2.2
Summonings     | 1 2 |  2.2
Translocations | 1 2 |  2.2
Transmutations | 1 2 |  2.2
Fire Magic     | 1 2 |  2.2
Ice Magic      | 1 2 |  2.2
Air Magic      | 1 2 |  2.2
Earth Magic    | 1 2 |  2.2
Poison Magic   | 1 2 |  2.2
Throwing       | 3 |  3.8
Dodging        | 3 |  3.8
Necromancy     | 4 |  4.4
Stealth        | 3 |  3.7
Fighting       | 5 |  5.4
Unarmed Combat | 5 |  5.4

Action                   |  1- 3 |  4- 6 |  7- 9 || total
-------------------------+-------+-------+-------++-------
Melee: Club              |    93 |    87 |       ||   180
       Punch             |     2 |       |       ||     2
       Bite              |     9 |    35 |    11 ||    55
       Unarmed           |       |   178 |     9 ||   187
       Flail             |       |       |    81 ||    81
Throw: Stone             |    28 |    22 |     2 ||    52
 Cast: Shock             |    22 |    41 |     6 ||    69
  Use: Scroll            |       |       |     4 ||     4
 Stab: Sleeping          |     3 |     3 |       ||     6
  Eat: Chunk             |     2 |     8 |     3 ||    13
Armor: Robe              |     4 |       |       ||     4
       Leather armour    |     5 |    39 |    32 ||    76
Dodge: Dodged            |    70 |   209 |    77 ||   356
Block: Buckler           |    12 |    75 |    34 ||   121
